Unix NetHack Version 5.0.0-0 post-release - last build May 23 2026 06:08:33 (1c0ff79ee797540d5714e4e18072db0edd9e58ae,branch:main).

Game began 2026-05-23 17:24:47, ended 2026-05-23 17:27:01.

DaveT, lawful male human Priest

                                                       .---.
                                                      ..@|).
                                                      ......
                                                      .....
                                                       ...

DaveT the Aspirant           St:11 Dx:16 Co:11 In:11 Wi:18 Ch:8  Lawful
Dlvl:3  $:0  HP:0(16) Pw:22(22) AC:7  Xp:2 T:529  Blind

Latest messages:
 l - a cursed leathery spellbook.
 What do you want to read? [ghkl or ?*] k
 As you read the scroll, it disappears.
 Your mace glows blue for a moment.
 What do you want to call this dungeon level? vault door in NE
 There's some graffiti on the floor here.
 You read: "David _ondon sez, "Hey guy?, *WIE_D* a lizarc  c?ps? a?ains?   cockatri?e!"".
 You hear some noises in the distance.
 You descend the stairs.
 You hear the chime of a cash register.
 You kill the newt!
 The jackal bites!
 You miss the jackal.
 The jackal bites!
 You kill the jackal!
 You see here a jackal corpse.
 There is a jackal corpse here; eat it? [ynq] (n) y
 This jackal corpse tastes okay.
 You finish eating the jackal corpse.
 That door is closed.
 The door opens.
 There's some graffiti on the floor here.
 You read: "Thcy ?ay that a v?nd of  anccl|a?ion is likc a wanc of polymorpn."
 There is an altar to Mars (chaotic) here.
 You see here a checkered spellbook.
 m - a checkered spellbook.
 What do you want to read? [ghlm or ?*] m
 You notice you have no gold!
 You can move again.
 You descend the stairs.
 You kill the gnome!
 A dagger misses you.
 The gnome hits!
 The gnome misses!
 You kill the gnome!
 You see here a gnome corpse.
 There is a gnome corpse here; eat it? [ynq] (n) y
 Blecch!  Rotten food!
 Everything suddenly goes dark.
 You finish eating the gnome corpse.
 It hits!
 You hit it.
 It hits!
 You miss it.
 It hits!
 You miss it.
 It hits!
 You die...
 Do you want your possessions identified? [ynq] (y) y
 Do you want to see your attributes? [ynq] (y) q

Inventory:
 Weapons  (')')
  j - 9 +0 arrows
  a - a blessed +2 mace (weapon in right hand)
 Armor    ('[')
  i - a cursed -1 orcish helm
  c - a +0 small shield (being worn)
  b - a +0 robe (being worn)
 Comestibles  ('%')
  e - 2 cloves of garlic
  f - 2 sprigs of wolfsbane
 Spellbooks  ('+')
  m - a spellbook of create familiar
  h - a spellbook of cure blindness
  l - a cursed spellbook of force bolt
  g - a spellbook of light
 Potions  ('!')
  d - 4 potions of holy water

DaveT the Priest's attributes:

Background:
 You were an Aspirant, a level 2 human Priest.
 You were lawful, on a mission for Mercury
 who was opposed by Venus (neutral) and Mars (chaotic).
 You were right-handed.
 You were in the Gnomish Mines, on level 3.
 You entered the dungeon 529 turns ago.
 You had 37 experience points, 3 more were needed to attain level 3.

Basics:
 You had 0 out of 16 hit points.
 You had all 22 energy points (spell power).
 Your armor class was 7.
 Your wallet was empty.
 Autopickup was off.

Final Characteristics:
 Your strength was 11 (limit:18/100).
 Your dexterity was 16 (limit:18).
 Your constitution was 11 (limit:18).
 Your intelligence was 11 (limit:18).
 Your wisdom was 18 (limit:18).
 Your charisma was 8 (limit:18).

Final Status:
 You were temporarily blind.
 You weren't hungry.
 You were unencumbered.
 You were wielding a mace.
 You had basic skill with mace.

Final Attributes:
 You were fervently aligned.
 You were guarded.
 Your spell casting was enhanced by wearing a robe.
 You are dead.

Miscellaneous:
 You didn't encounter any bones levels.
 Total elapsed playing time was 2 minutes and 13 seconds.

Major events:
 Turn
    1: DaveT the lawful human Priest entered the dungeon
  516: entered the Gnomish Mines
  529: killed by a gnome

Spells:
 Name                 Level Category     Fail Retention
 light                  1   clerical       0%  91%-100%
 cure blindness         2   healing       38%  76%-100%

Skills:
 Fighting Skills
   bare handed combat [Unskilled]
 Weapon Skills
   club               [Unskilled]
   mace               [Basic]
   morning star       [Unskilled]
   flail              [Unskilled]
   hammer             [Unskilled]
   quarterstaff       [Unskilled]
   polearms           [Unskilled]
   spear              [Unskilled]
   trident            [Unskilled]
   lance              [Unskilled]
   bow                [Unskilled]
   sling              [Unskilled]
   crossbow           [Unskilled]
   dart               [Unskilled]
   shuriken           [Unskilled]
   boomerang          [Unskilled]
   unicorn horn       [Unskilled]
 Spellcasting Skills
   healing spells     [Unskilled]
   divination spells  [Unskilled]
   clerical spells    [Basic]

Voluntary challenges:
 Character rerolling was not enabled.
 You were an atheist.
 You never genocided any monsters.
 You never polymorphed an object.
 You never changed form.
 You used no wishes.
Achievement:
 You entered the Gnomish Mines.

 The Dungeons of Doom: levels 1 to 2
    Level 1: "vault door in NE"
       Some fountains, a sink.
    Level 2:
       An altar, a fountain.
       Stairs down to The Gnomish Mines.
 The Gnomish Mines:
    Level 3: <- You were here.
       Final resting place for
          you, killed by a gnome.


Vanquished creatures:
  2 gnomes
  a jackal
  a kobold
  a goblin
  2 sewer rats
  2 lichens
  2 newts
11 creatures vanquished.

No species were genocided or became extinct.

Game over:
                       ----------
                      /          \
                     /    REST    \
                    /      IN      \
                   /     PEACE      \
                  /                  \
                  |      DaveT       |
                  |       0 Au       |
                  |   killed by a    |
                  |      gnome       |
                  |                  |
                  |                  |
                  |       2026       |
                 *|     *  *  *      | *
        _________)/\\_//(\/(/\)/\//\/|_)_______

Goodbye DaveT the Priest...

You died in The Gnomish Mines on dungeon level 3 with 248 points,
and 0 pieces of gold, after 529 moves.
You were level 2 with a maximum of 16 hit points when you died.

